| TOP OF THE 1ST |
|
Oakland (APP) Athletics batting - Pitching for Greeneville Astros : LHP Frank Vazquez
|
|
Pitching: LHP Frank Vazquez
|
|
|
Batting: RHB Gabe Secundino
|
0-0: Ball 1-0: Ball 2-0: Ball 3-0: Base on Balls
|
|
Batting: RHB Nathaniel Adderley
|
0-0: Called Strike 0-1: Foul Ball, location: 2F 0-2: Ball 1-2: Foul Ball, location: 2F 1-2: Foul Ball, location: 2F 1-2: Strikes out swinging
|
|
Batting: RHB Phoctor Dill
|
0-0: Swinging Strike 0-1: Ball 1-1: Fly out, F8 (Flyball, 8RM, EV 86.2 MPH)
|
|
Batting: RHB Pete Goerge
|
0-0: Ball 1-0: Foul Ball, location: 2F 1-1: Ball 2-1: Called Strike 2-2: Strikes out swinging
|
| Top of the 1st over - 0 runs, 0 hits, 0 errors, 1 left on base; Oakland (APP) 0 - Greeneville 0 |
| BOTTOM OF THE 1ST |
|
Greeneville Astros batting - Pitching for Oakland (APP) Athletics : RHP Jaime Sanchez
|
|
Pitching: RHP Jaime Sanchez
|
|
|
Batting: LHB Josh Glass
|
0-0: Ball 1-0: Ball 2-0: Ball 3-0: Base on Balls
|
|
Batting: LHB Bert Middleton
|
0-0: Ball 1-0: Ball 2-0: Foul Ball, location: 2F 2-1: Swinging Strike 2-2: Foul Ball, location: 2F 2-2: Strikes out looking
|
|
Batting: LHB Lou Toth
|
0-0: Ball 1-0: Fielders Choice at 2nd, 3-6 (Groundball, 34, EV 85.0 MPH)
|
|
Batting: SHB Rory Mozer
|
0-0: Ground out 4-3 (Groundball, 4, EV 101.2 MPH)
|
| Bottom of the 1st over - 0 runs, 0 hits, 0 errors, 1 left on base; Oakland (APP) 0 - Greeneville 0 |
| TOP OF THE 2ND |
|
Oakland (APP) Athletics batting - Pitching for Greeneville Astros : LHP Frank Vazquez
|
|
Batting: RHB Toyohiko Nakajima
|
0-0: Foul Ball, location: 2F 0-1: Foul Ball, location: 2F 0-2: Strikes out swinging
|
|
Batting: LHB Ben Landry
|
0-0: Swinging Strike 0-1: Ball 1-1: Ground out 1-3 (Groundball, P, EV 66.9 MPH)
|
|
Batting: LHB Diego Vega
|
0-0: Foul Ball, location: 2F 0-1: Ball 1-1: Called Strike 1-2: Ball 2-2: Strikes out swinging
|
| Top of the 2nd over - 0 runs, 0 hits, 0 errors, 0 left on base; Oakland (APP) 0 - Greeneville 0 |
| BOTTOM OF THE 2ND |
|
Greeneville Astros batting - Pitching for Oakland (APP) Athletics : RHP Jaime Sanchez
|
|
Batting: LHB Vecdi Hodensack
|
0-0: Ball 1-0: Swinging Strike 1-1: Ball 2-1: Foul Ball, location: 2F 2-2: Foul Ball, location: 2F 2-2: Foul Ball, location: 2F 2-2: Ball 3-2: Fly out, F7 (Flyball, 7S, EV 95.0 MPH)
|
|
Batting: LHB Bob Neale
|
0-0: Ball 1-0: Called Strike 1-1: Foul Ball, location: 2F 1-2: SINGLE (Groundball, 34D, EV 100.6 MPH)
|
|
Batting: RHB Jamie Walker
|
0-0: Ball 1-0: Swinging Strike 1-1: Foul Ball, location: 2F 1-2: Reached on error, E5 (Groundball, 5, EV 100.6 MPH) Bob Neale to second
|
|
Batting: LHB Gong Tow
|
0-0: Ball 1-0: Foul Ball, location: 2F 1-1: Foul Ball, location: 2F 1-2: Ball 2-2: Foul Ball, location: 2F 2-2: Ball 3-2: Foul Ball, location: 2F 3-2: Foul Ball, location: 2F 3-2: Base on Balls Bob Neale to third Jamie Walker to second
|
|
Batting: LHB Casper Significant
|
0-0: Fielders Choice at 2nd, 4-6 (Groundball, 4, EV 109.4 MPH) Bob Neale scores Jamie Walker to third
|
|
Batting: LHB Josh Glass
|
0-0: Foul Ball, location: 2F 0-1: Ball Casper Significant is caught stealing 2nd base 2-6
|
| Bottom of the 2nd over - 1 run, 1 hit, 1 error, 1 left on base; Oakland (APP) 0 - Greeneville 1 |
| TOP OF THE 3RD |
|
Oakland (APP) Athletics batting - Pitching for Greeneville Astros : LHP Frank Vazquez
|
|
Batting: LHB Bryan Hodensack
|
0-0: Ball 1-0: Called Strike 1-1: Foul Ball, location: 2F 1-2: Strikes out swinging
|
|
Batting: RHB Dave Villarreal
|
0-0: Ball 1-0: Ball 2-0: Called Strike 2-1: Ground out 1-3 (Groundball, 13, EV 72.5 MPH)
|
|
Batting: RHB Gabe Secundino
|
0-0: Fly out, F8 (Flyball, 8RXD, EV 102.5 MPH)
|
| Top of the 3rd over - 0 runs, 0 hits, 0 errors, 0 left on base; Oakland (APP) 0 - Greeneville 1 |
| BOTTOM OF THE 3RD |
|
Greeneville Astros batting - Pitching for Oakland (APP) Athletics : RHP Jaime Sanchez
|
|
Batting: LHB Josh Glass
|
0-0: Ball 1-0: Called Strike 1-1: Ball 2-1: Foul Ball, location: 2F 2-2: Ball 3-2: Strikes out swinging
|
|
Batting: LHB Bert Middleton
|
0-0: Called Strike 0-1: Ball 1-1: SOLO HOME RUN (Flyball, 78XD, EV 100.0 MPH), Distance : 411 ft
|
|
Batting: LHB Lou Toth
|
0-0: Foul Ball, location: 2F 0-1: SOLO HOME RUN (Flyball, 7LD, EV 91.2 MPH), Distance : 355 ft
|
|
Batting: SHB Rory Mozer
|
0-0: Ball 1-0: Ball 2-0: Called Strike 2-1: Called Strike 2-2: Strikes out swinging, 2-3 out at first.
|
|
Batting: LHB Vecdi Hodensack
|
0-0: Ball 1-0: Called Strike 1-1: Ball 2-1: Foul Ball, location: 2F 2-2: Strikes out looking
|
| Bottom of the 3rd over - 2 runs, 2 hits, 0 errors, 0 left on base; Oakland (APP) 0 - Greeneville 3 |
| TOP OF THE 4TH |
|
Oakland (APP) Athletics batting - Pitching for Greeneville Astros : LHP Frank Vazquez
|
|
Batting: RHB Nathaniel Adderley
|
0-0: Called Strike 0-1: Ball 1-1: Foul Ball, location: 2F 1-2: Ball 2-2: Foul Ball, location: 2F 2-2: Strikes out swinging
|
|
Batting: RHB Phoctor Dill
|
0-0: Foul Ball, location: 2F 0-1: Ball 1-1: Swinging Strike 1-2: Strikes out swinging
|
|
Batting: RHB Pete Goerge
|
0-0: Called Strike 0-1: Swinging Strike 0-2: Ball 1-2: Ball 2-2: Strikes out swinging
|
| Top of the 4th over - 0 runs, 0 hits, 0 errors, 0 left on base; Oakland (APP) 0 - Greeneville 3 |
| BOTTOM OF THE 4TH |
|
Greeneville Astros batting - Pitching for Oakland (APP) Athletics : RHP Jaime Sanchez
|
|
Batting: LHB Bob Neale
|
0-0: Ground out 4-3 (Groundball, 4S, EV 90.6 MPH)
|
|
Batting: RHB Jamie Walker
|
0-0: Fly out, F7 (Flyball, 7, EV 90.0 MPH)
|
|
Batting: LHB Gong Tow
|
0-0: Ball 1-0: Ball 2-0: Ball 3-0: Base on Balls
|
|
Batting: LHB Casper Significant
|
0-0: Ball 1-0: Ball Passed Ball! Gong Tow to second 2-0: Ball 3-0: Foul Ball, location: 2F 3-1: Hit by Pitch
|
|
Batting: LHB Josh Glass
|
Balk! Gong Tow to third Casper Significant to second 0-0: Swinging Strike 0-1: Ball 1-1: Called Strike 1-2: Foul Ball, location: 2F 1-2: Strikes out swinging
|
| Bottom of the 4th over - 0 runs, 0 hits, 0 errors, 2 left on base; Oakland (APP) 0 - Greeneville 3 |
| TOP OF THE 5TH |
|
Oakland (APP) Athletics batting - Pitching for Greeneville Astros : LHP Frank Vazquez
|
|
Batting: RHB Toyohiko Nakajima
|
0-0: Called Strike 0-1: Foul Ball, location: 2F 0-2: Foul Ball, location: 2F 0-2: Foul Ball, location: 2F 0-2: Ball 1-2: Foul Ball, location: 2F 1-2: Ball 2-2: Ground out 6-3 (Groundball, 6, EV 84.4 MPH)
|
|
Batting: LHB Ben Landry
|
0-0: Ball 1-0: Ball 2-0: Called Strike 2-1: Fly out, F6 (Line Drive, 56D, EV 66.2 MPH)
|
|
Batting: LHB Diego Vega
|
0-0: Ball 1-0: Ball 2-0: Swinging Strike 2-1: Swinging Strike 2-2: Foul Ball, location: 2F 2-2: Foul Ball, location: 2F 2-2: Foul Ball, location: 2F 2-2: Ball 3-2: Strikes out swinging
|
| Top of the 5th over - 0 runs, 0 hits, 0 errors, 0 left on base; Oakland (APP) 0 - Greeneville 3 |
| BOTTOM OF THE 5TH |
|
Greeneville Astros batting - Pitching for Oakland (APP) Athletics : RHP Jaime Sanchez
|
|
Batting: LHB Bert Middleton
|
0-0: Ball 1-0: Called Strike 1-1: Foul Ball, location: 2F 1-2: Ball 2-2: Foul Ball, location: 2F 2-2: Ball 3-2: Foul Ball, location: 2F 3-2: Base on Balls
|
|
Batting: LHB Lou Toth
|
0-0: Ball 1-0: Foul Ball, location: 2F 1-1: Ball 2-1: Foul Ball, location: 2F 2-2: Ball 3-2: Base on Balls Bert Middleton to second
|
|
Batting: SHB Rory Mozer
|
0-0: Foul Ball, location: 2F 0-1: Swinging Strike 0-2: Ball 1-2: Foul Ball, location: 2F 1-2: Strikes out looking
|
|
Batting: LHB Vecdi Hodensack
|
0-0: Ball 1-0: Fly out, F7 (Flyball, 78D, EV 104.4 MPH)
|
|
Batting: LHB Bob Neale
|
0-0: Ball 1-0: Foul Ball, location: 2F 1-1: Swinging Strike 1-2: Ball 2-2: Strikes out swinging
|
| Bottom of the 5th over - 0 runs, 0 hits, 0 errors, 2 left on base; Oakland (APP) 0 - Greeneville 3 |
| TOP OF THE 6TH |
|
Oakland (APP) Athletics batting - Pitching for Greeneville Astros : LHP Frank Vazquez
|
|
Batting: LHB Bryan Hodensack
|
0-0: Fly out, F9 (Flyball, 9D, EV 108.8 MPH)
|
|
Batting: RHB Dave Villarreal
|
0-0: Ball 1-0: Foul Ball, location: 2F 1-1: Swinging Strike 1-2: Strikes out looking
|
|
Batting: RHB Gabe Secundino
|
0-0: Ground out 6-3 (Groundball, 6, EV 88.8 MPH)
|
| Top of the 6th over - 0 runs, 0 hits, 0 errors, 0 left on base; Oakland (APP) 0 - Greeneville 3 |
| BOTTOM OF THE 6TH |
|
Greeneville Astros batting - Pitching for Oakland (APP) Athletics : RHP Jaime Sanchez
|
|
Batting: RHB Jamie Walker
|
0-0: Ball 1-0: Called Strike 1-1: Ball 2-1: Ground out 4-3 (Groundball, 4S, EV 70.0 MPH)
|
|
Pitching: RHP Jason Palmer
|
|
|
Batting: LHB Gong Tow
|
0-0: Ball 1-0: Ball 2-0: Ball 3-0: Base on Balls
|
|
Batting: LHB Casper Significant
|
0-0: Called Strike 0-1: Ball Gong Tow is caught stealing 2nd base 2-6 1-1: Ball 2-1: Foul Ball, location: 2F 2-2: Ball 3-2: Strikes out looking
|
| Bottom of the 6th over - 0 runs, 0 hits, 0 errors, 0 left on base; Oakland (APP) 0 - Greeneville 3 |
| TOP OF THE 7TH |
|
Oakland (APP) Athletics batting - Pitching for Greeneville Astros : LHP Frank Vazquez
|
|
Batting: RHB Nathaniel Adderley
|
0-0: Foul Ball, location: 2F 0-1: Foul Ball, location: 2F 0-2: Strikes out swinging
|
|
Batting: RHB Phoctor Dill
|
0-0: Ball 1-0: Ball 2-0: Ball 3-0: Base on Balls
|
|
Batting: RHB Pete Goerge
|
0-0: 2-RUN HOME RUN (Flyball, 7LD, EV 100.0 MPH), Distance : 390 ft
|
|
Pitching: RHP Ernie Bell
|
|
|
Batting: RHB Toyohiko Nakajima
|
0-0: Called Strike 0-1: Ball 1-1: Foul Ball, location: 2F 1-2: DOUBLE (Groundball, 3L, EV 104.4 MPH)
|
|
Batting: LHB Ben Landry
|
0-0: Ball 1-0: Swinging Strike 1-1: Foul Ball, location: 2F 1-2: Ball 2-2: Strikes out looking
|
|
Batting: LHB Diego Vega
|
0-0: Swinging Strike 0-1: Ground out U3 (Groundball, 34S, EV 66.2 MPH)
|
| Top of the 7th over - 2 runs, 2 hits, 0 errors, 1 left on base; Oakland (APP) 2 - Greeneville 3 |
| BOTTOM OF THE 7TH |
|
Greeneville Astros batting - Pitching for Oakland (APP) Athletics : RHP Jason Palmer
|
|
Batting: LHB Josh Glass
|
0-0: Ball 1-0: Foul Ball, location: 2F 1-1: Ball 2-1: Swinging Strike 2-2: Foul Ball, location: 2F 2-2: Foul Ball, location: 2F 2-2: Ball 3-2: Foul Ball, location: 2F 3-2: Foul Ball, location: 2F 3-2: Foul Ball, location: 2F 3-2: SINGLE (Groundball, 3D, EV 97.5 MPH)
|
|
Batting: LHB Bert Middleton
|
0-0: Called Strike 0-1: Ball Wild Pitch! Josh Glass to second 1-1: Ball 2-1: SINGLE (Groundball, 34D, EV 95.0 MPH) Josh Glass to third
|
|
Batting: LHB Lou Toth
|
0-0: Swinging Strike 0-1: Ground out 6-3 (Groundball, 6MS, EV 87.5 MPH) Bert Middleton to second
|
|
Batting: SHB Rory Mozer
|
0-0: Ball 1-0: Swinging Strike 1-1: Ball 2-1: Foul Ball, location: 2F 2-2: DOUBLE (Flyball, 3D, EV 97.5 MPH) Josh Glass scores Bert Middleton scores
|
|
Batting: LHB Vecdi Hodensack
|
0-0: DOUBLE (Flyball, 89D, EV 106.2 MPH) Rory Mozer scores
|
|
Pitching: RHP Luis Stuit
|
|
|
Batting: LHB Bob Neale
|
0-0: Ball 1-0: Foul Ball, location: 2F 1-1: Called Strike 1-2: Strikes out swinging
|
|
Batting: RHB Jamie Walker
|
0-0: Ball 1-0: Swinging Strike 1-1: Called Strike 1-2: Ball 2-2: Strikes out swinging
|
| Bottom of the 7th over - 3 runs, 4 hits, 0 errors, 1 left on base; Oakland (APP) 2 - Greeneville 6 |
| TOP OF THE 8TH |
|
Oakland (APP) Athletics batting - Pitching for Greeneville Astros : RHP Ernie Bell
|
|
Batting: LHB Bryan Hodensack
|
0-0: Called Strike 0-1: Ball 1-1: Ground out 2-3 (Groundball, 2L, EV 75.0 MPH)
|
|
Batting: RHB Dave Villarreal
|
0-0: Ball 1-0: Foul Ball, location: 2F 1-1: Swinging Strike 1-2: Strikes out looking
|
|
Batting: RHB Gabe Secundino
|
0-0: Called Strike 0-1: Called Strike 0-2: Strikes out swinging
|
| Top of the 8th over - 0 runs, 0 hits, 0 errors, 0 left on base; Oakland (APP) 2 - Greeneville 6 |
| BOTTOM OF THE 8TH |
|
Greeneville Astros batting - Pitching for Oakland (APP) Athletics : RHP Luis Stuit
|
|
Batting: LHB Gong Tow
|
0-0: Ball 1-0: Swinging Strike 1-1: Called Strike 1-2: Ball 2-2: Foul Ball, location: 2F 2-2: Ball 3-2: Strikes out swinging
|
|
Batting: LHB Casper Significant
|
0-0: Ball 1-0: Called Strike 1-1: Fly out, F7 (Flyball, 7S, EV 74.4 MPH)
|
|
Batting: LHB Josh Glass
|
0-0: Ball 1-0: Ball 2-0: Ball 3-0: Called Strike 3-1: Called Strike 3-2: Base on Balls
|
|
Batting: LHB Bert Middleton
|
0-0: Ball 1-0: Ball 2-0: Called Strike 2-1: Ball 3-1: Base on Balls Josh Glass to second
|
|
Batting: LHB Lou Toth
|
0-0: Ball 1-0: Ball 2-0: Ball 3-0: Swinging Strike 3-1: Base on Balls Josh Glass to third Bert Middleton to second
|
|
Batting: SHB Rory Mozer
|
0-0: SINGLE (Groundball, 4MD, EV 95.6 MPH) Josh Glass scores Bert Middleton to third Lou Toth to second Runner from 3rd tries for Home, SAFE, throw by CF to home
|
|
Batting: LHB Vecdi Hodensack
|
0-0: Called Strike 0-1: Ball 1-1: Ball 2-1: Called Strike 2-2: Strikes out swinging
|
| Bottom of the 8th over - 2 runs, 1 hit, 0 errors, 2 left on base; Oakland (APP) 2 - Greeneville 8 |
| TOP OF THE 9TH |
|
Oakland (APP) Athletics batting - Pitching for Greeneville Astros : RHP Ernie Bell
|
|
Batting: RHB Nathaniel Adderley
|
0-0: Swinging Strike 0-1: Ball 1-1: Ball 2-1: Foul Ball, location: 2F 2-2: Ball 3-2: Hit by Pitch
|
|
Batting: RHB Phoctor Dill
|
0-0: Ball 1-0: Ball 2-0: Ball Wild Pitch! Nathaniel Adderley to second 3-0: Base on Balls
|
|
Batting: RHB Pete Goerge
|
0-0: Ball 1-0: Foul Ball, location: 2F 1-1: SINGLE (Flyball, 6MD, EV 88.8 MPH) Nathaniel Adderley to third Phoctor Dill to second
|
|
Batting: RHB Toyohiko Nakajima
|
0-0: Called Strike 0-1: Ball 1-1: Called Strike 1-2: SINGLE (Groundball, 56D, EV 107.5 MPH) Nathaniel Adderley scores Phoctor Dill to third Pete Goerge to second
|
|
Pitching: LHP Joe Sellick
|
|
|
Batting: LHB Ben Landry
|
0-0: Foul Ball, location: 2F 0-1: Swinging Strike 0-2: Strikes out swinging
|
|
Pinch Hitting: LHB Logan Stewart
|
0-0: Swinging Strike 0-1: Ball 1-1: Called Strike 1-2: Strikes out swinging
|
|
Pinch Hitting: RHB Jeff Goodrum
|
0-0: Ball Wild Pitch! Phoctor Dill scores Pete Goerge to third Toyohiko Nakajima to second 1-0: Ground out 1-3 (Groundball, 13S, EV 68.1 MPH)
|
| Top of the 9th over - 2 runs, 2 hits, 0 errors, 2 left on base; Oakland (APP) 4 - Greeneville 8 |
|